 Dungeon Crawl Stone Soup version 0.29.1-14-g9c671dbff4 (webtiles) character file.

Game seed: 2878097615393750893

248 H0rd4k the Insei (level 6, -5/41 HPs)
             Began as an Octopode Artificer on Feb 14, 2023.
             Slain by an orc
             ... wielding a +0 trident
              (9 damage)
             ... on level 4 of the Dungeon.
             The game lasted 00:03:51 (5246 turns).

H0rd4k the Insei (Octopode Artificer)               Turns: 5246, Time: 00:03:52

Health: -5/41      AC:  1    Str: 12    XL:     6   Next: 12%
Magic:  9/9        EV: 14    Int: 15    God:
Gold:   117        SH:  0    Dex: 18    Spells: 8/10 levels left

rFire   . . .      SeeInvis .     - Unarmed
rCold   . . .      Faith    .   (no shield)
rNeg    . . .      Spirit   .   (helmet restricted)
rPois   .          Reflect  .   (no amulet)
rElec   .          Harm     .   l - ring "Zoemoxt" {Dex+6 Slay+3}
rCorr   .          Rampage  .   (no ring)
Will    .....                   (no ring)
Stlth   +++.......              (no ring)
HPRegen 0.13/turn               (no ring)
MPRegen 0.11/turn               (no ring)
                                (no ring)
                                (no ring)

@: no status effects
A: almost no armour, amphibious, 8 rings, camouflage 1, gelatinous body 1,
(nimble swimmer 1), tentacles
a: no special abilities


You were on level 4 of the Dungeon.
You visited 1 branch of the dungeon, and saw 4 of its levels.

You collected 117 gold pieces.

Inventory:

Missiles
 o - 5 poisoned darts (quivered)
Jewellery
 l - the ring "Zoemoxt" (left tentacle) {Dex+6 Slay+3}
   (You found it on level 3 of the Dungeon)

   [ring of dexterity]

   Dex:       It affects your dexterity (+6).
   Slay:      It affects your accuracy & damage with ranged weapons and melee
   (+3).
Wands
 b - a wand of flame (14)
 c - a wand of charming (14)
 d - a wand of iceblast (4)
 u - a wand of polymorph (12)
Scrolls
 a - 2 scrolls of teleportation {unknown}
 e - a scroll of immolation {unknown}
 h - a scroll of noise {unknown}
 i - 3 scrolls of identify {unknown}
 n - 3 scrolls of magic mapping {unknown}
 p - 2 scrolls of poison {unknown}
 q - a scroll of fear {unknown}
 r - a scroll of enchant armour {unknown}
Potions
 f - a potion of ambrosia {unknown}
 g - 2 potions of might {unknown}
 j - a potion of berserk rage {unknown}
 k - 4 potions of curing {unknown}
 m - a potion of invisibility {unknown}
 s - a potion of cancellation {unknown}
 t - a potion of magic {unknown}


   Skills:
 * Level 2.5 Fighting
 + Level 0.3 Throwing
 - Level 2.3 Dodging
 - Level 1.3 Stealth
 + Level 3.7 Unarmed Combat
 * Level 2.5 Spellcasting
 - Level 1.2 Translocations
 - Level 3.2 Evocations


You had 8 spell levels left.
You knew the following spells:

 Your Spells              Type           Power      Damage    Failure   Level
a - Blink                 Tloc           10%        N/A       19%         2

Your spell library contained the following spells:

 Spells                   Type           Power      Damage    Failure   Level
 Beastly Appendage        Tmut           2%         N/A       22%         1
 Wereblood                Tmut           1%         N/A       32%         2
 Spider Form              Tmut/Pois      1%         N/A       54%         3
 Manifold Assault         Tloc           5%         N/A       98%         5
 Storm Form               Tmut/Air       0%         N/A       100%        7


Dungeon Overview and Level Annotations

Branches:
Dungeon (4/15)
 Temple: D:4-7

Altars:
The Shining One


Innate Abilities, Weirdness & Mutations

You cannot wear most types of armour.
You are amphibious.
You can wear up to eight rings at the same time.
Your skin changes colour to match your surroundings (Stealth+).
Your rubbery body absorbs attacks. (AC +1, EV +1)
((You are camouflaged when in or above water. (Stealth+)))
You have tentacles for arms and can constrict up to eight enemies at once.


Message History

There is a stone staircase leading down here.
You closely miss the kobold. You grab the kobold.
You constrict the kobold, but do no damage.
An orc comes into view. It is wielding a +0 hand axe.
The kobold closely misses you.
The orc shouts!
You bludgeon the kobold!
You kill the kobold!
The orc misses you. The orc misses you. The orc hits you with a +0 dagger.
The orc attacks as you move away! The orc closely misses you.
You closely miss the orc. Your grab misses the orc.
Your squeeze misses the orc. The orc barely misses you.
The orc hits you but does no damage. The orc hits you with a +0 dagger.
The orc attacks as you move away! The orc hits you with a +0 dagger.
The orc attacks as you move away! The orc hits you with a +0 flail!
You tentacle-slap the orc but do no damage.
You grab the orc.
You constrict the orc, but do no damage.
The orc hits you with a +0 flail.
You tentacle-slap the orc. You squeeze the orc.
The orc is severely wounded.
You constrict the orc. The orc barely misses you.
The orc hits you from afar with a +0 trident.
You tentacle-slap the orc.
You kill the orc!
The orc hits you from afar with a +0 trident.
* * * LOW HITPOINT WARNING * * *
The orc hits you with a +0 trident.
* * * LOW HITPOINT WARNING * * *
Things that are here:
a +0 flail; a +0 leather armour You tentacle-slap the orc but do no damage.
Your grab misses the orc. The orc closely misses you.
Aiming: Charm
Press: ? - help, Shift-Dir - straight line, f - orc
Aim: an orc, wielding a +0 trident and wearing a +0 leather armour (chance to affect: 73%)
The orc struggles to resist.
The orc hits you with a +0 trident!
You die...

##.### ##..####....#
##..###......$.....#
##.......#.)......#
#.....### #>.#
##...## #..#
#####...## #..#
...#....# #oo#
........# ##o#
##......# #@#
##......## ##.#
#........## ##..#
..........####..##
...............##
......###.....##
.....## ##..[##
....# #...# ...#
#...#


You could see 3 orcs.

Vanquished Creatures
  An orc priest (D:3)
  An orc wizard (D:3)
  Robin (D:3)
  6 adders
  2 worms
  5 dart slugs
  9 orcs
  5 endoplasms
  6 giant cockroaches
  19 goblins
  4 hobgoblins
  7 jackals
  3 kobolds
  2 quokkas
  12 ball pythons
  6 bats
  5 frilled lizards
  9 rats
103 creatures vanquished.

Vanquished Creatures (others)
  A plant (D:2)
1 creature vanquished.

Grand Total: 104 creatures vanquished

Notes
Turn   | Place    | Note
-------+----------+-------------------------------------------
     0 | D:1      | H0rd4k the Octopode Artificer began the quest for the Orb.
     0 | D:1      | Reached XP level 1. HP: 13/13 MP: 1/1
   376 | D:1      | Reached XP level 2. HP: 18/18 MP: 1/3
   385 | D:1      | Learned a level 2 spell: Blink
   439 | D:1      | Reached skill level 1 in Spellcasting
  1162 | D:1      | Reached XP level 3. HP: 22/24 MP: 4/4
  1843 | D:2      | Reached skill level 1 in Unarmed Combat
  1843 | D:2      | Reached skill level 1 in Translocations
  2063 | D:2      | Reached XP level 4. HP: 27/29 MP: 6/6
  3069 | D:3      | Identified the ring "Zoemoxt" {Dex+6 Slay+3}
  3414 | D:3      | Reached XP level 5. HP: 22/34 MP: 8/8
  4110 | D:3      | Found a faded altar of an unknown god.
  4171 | D:3      | Found a glowing golden altar of the Shining One.
  4348 | D:3      | HP: 1/35 [goblin/sling bullet (3)]
  4988 | D:3      | Identified the +4 dagger of Oozing Pus {flame, rPois rF+
                  | Stlth+}
  4989 | D:3      | Noticed Robin
  4993 | D:3      | Killed Robin
  4994 | D:3      | Reached XP level 6. HP: 41/41 MP: 9/9
  5246 | D:4      | Slain by an orc

Illustrated notes

Levels and vault maps discovered:
D:1:      dpeg_arrival_renting, layout_loops_corners
D:2:      layout_loops_ring, minmay_shallow_snake_nest
D:3:      kennysheep_goblin_castle, layout_loops_ring, tso_altar,
          dilly_ecumenical_altar_fadedgnrine
D:4:      layout_layer_cave, mainiacjoe_overflow_surrounded_room, led_sif_pool,
          pdpol_wu_jian_five_deadly_venoms, uniq_robin

Skill      XL: |  1  2  3  4  5 |
---------------+----------------+-----
Spellcasting   | 1 2 |  2.5
Unarmed Combat | 1 2 3 |  3.7
Translocations | 1 |  1.2
Fighting       | 2 |  2.5
Throwing       | |  0.3
Dodging        | |  2.3
Stealth        | |  1.3
Evocations     | |  3.2

Action                   |  1- 3 |  4- 6 || total
-------------------------+-------+-------++-------
Melee: Unarmed           |    96 |   120 ||   216
       Constrict         |    30 |    32 ||    62
       Tentacles         |    22 |    27 ||    49
       Punch             |     3 |     2 ||     5
Throw: Dart              |       |     6 ||     6
Evoke: Wand              |       |     3 ||     3
 Stab: Sleeping          |    12 |     6 ||    18
Armor: Skin              |     6 |    11 ||    17
Dodge: Dodged            |    63 |    95 ||   158
